 Dungeon Crawl Stone Soup version 0.20-a0-268-gb6bde61 (webtiles) character file.

91 FrankyJ the Charmwright (level 4, -1/35 HPs)
             Began as a Human Skald on Dec 8, 2016.
             Slain by an orc wizard
             ... wielding a +0 dagger
              (2 damage)
             ... on level 3 of the Dungeon.
             The game lasted 00:05:41 (2336 turns).

FrankyJ the Charmwright (Human Skald)               Turns: 2336, Time: 00:05:42

Health: -1/35      AC:  4    Str: 13    XL:     4   Next: 88%
Magic:  3/8        EV: 12    Int: 13    God:
Gold:   95         SH:  0    Dex: 12    Spells: 3/8 levels left

rFire  . . .     SeeInvis .     a - +0 falchion
rCold  . . .     Gourm    .     b - +0 leather armour
rNeg   . . .     Faith    .     (no shield)
rPois  .         Spirit   .     (no helmet)
rElec  .         Reflect  .     (no cloak)
rCorr  .         Harm     .     q - +0 pair of gloves
MR     .....     Rnd*Tele +     (no boots)
Stlth  +.........               (no amulet)
                                (no ring)
                                e - ring of teleportation (curse)

@: infused, very slightly contaminated, slowed, very slow
A: no striking features
a: no special abilities


You were on level 3 of the Dungeon.
You were not hungry.

You visited 1 branch of the dungeon, and saw 3 of its levels.

You collected 95 gold pieces.

Inventory:

Hand Weapons
 a - a +0 falchion (weapon)
 f - a +1 dagger of speed
 j - a +0 dagger of electrocution
Armour
 b - a +0 leather armour (worn)
 q - a +0 pair of gloves (worn)
Jewellery
 e - a cursed ring of teleportation (left hand)
Scrolls
 i - 3 scrolls of teleportation
 l - 2 scrolls of identify
 m - a scroll of amnesia
 n - a scroll of enchant weapon {unknown}
Potions
 g - a potion of heal wounds {unknown}
 h - a potion of agility {unknown}
 k - a potion of beneficial mutation {unknown}
 p - a potion of haste {unknown}
Books
 c - a book of Battle

   Spells                             Type                      Level
   a - Infusion                       Charms                       1
   b - Shroud of Golubria             Charms/Translocation         2
   c - Song of Slaying                Charms                       2
   d - Spectral Weapon                Hexes/Charms                 3
   e - Regeneration                   Charms/Necromancy            3
Comestibles
 d - a bread ration
 o - 2 chunks of flesh


   Skills:
 - Level 3.0 Fighting
 - Level 2.0 Long Blades
 - Level 1.0 Armour
 + Level 2.8 Dodging
 + Level 2.7 Spellcasting
 - Level 3.0 Charms


You had 3 spell levels left.
You knew the following spells:

 Your Spells              Type           Power        Failure   Level  Hunger
a - Infusion              Chrm           #...         12%         1    #......
b - Shroud of Golubria    Chrm/Tloc      #.........   28%         2    ###....
c - Song of Slaying       Chrm           #.......     14%         2    ###....


Dungeon Overview and Level Annotations

Branches:
Dungeon (3/15)

Altars:


Message History

You feel as though you will be slow longer.
Casting: Infusion
Confirm with . or Enter, or press ? or * to list all spells.
You miscast Infusion.
You are very lightly contaminated with residual magic.
Nothing appears to happen.
The orc wizard hits you with a dagger.
* * * LOW HITPOINT WARNING * * *
The orc wizard hits you with a dagger.
* * * LOW HITPOINT WARNING * * *
Casting: Infusion
Confirm with . or Enter, or press ? or * to list all spells.
You begin infusing your attacks with magical energy.
The orc wizard closely misses you. The orc wizard hits you with a dagger.
* * * LOW HITPOINT WARNING * * *
The orc wizard hits you with a dagger.
* * * LOW HITPOINT WARNING * * *
You hit the orc wizard.
The orc wizard is almost dead.
The orc wizard hits you with a dagger.
You die...

. + #.#.##.#
....#.#.#.##.# .
....#.#.#<##.#
..##.......###.#
............##.#
.......####.##.#
....... #.##.#
.......####)##o#
.............#@#
..........#..#.#
....o..##.#....########
.....## #.##.#.........
o.... #....#########.
.... ...... ...
......... .≈≈ .≈.≈..≈≈≈
≈≈≈≈≈≈≈≈≈


You could see an orc wizard.

Vanquished Creatures
  A jelly (D:1)
  An adder (D:2)
  An ooze (D:2)
  A worm (D:1)
  3 dart slugs (D:1)
  A leopard gecko (D:2)
  2 orcs
  4 bats
  3 giant cockroaches
  A hobgoblin (D:1)
  3 kobolds (D:1)
  A quokka (D:2)
  2 ball pythons (D:1)
  3 frilled lizards
  3 goblins (D:1)
  5 rats
35 creatures vanquished.

Notes
Turn   | Place    | Note
-------+----------+-------------------------------------------
     0 | D:1      | FrankyJ the Human Skald began the quest for the Orb.
     0 | D:1      | Reached XP level 1. HP: 16/16 MP: 3/3
   334 | D:1      | Reached XP level 2. HP: 12/22 MP: 0/5
   504 | D:1      | Learned a level 2 spell: Shroud of Golubria
   507 | D:1      | Learned a level 2 spell: Song of Slaying
   869 | D:1      | Reached XP level 3. HP: 24/28 MP: 0/6
  1422 | D:1      | Reached XP level 4. HP: 14/34 MP: 0/7
  2335 | D:3      | HP: 1/35 [orc wizard/dagger (3)]
  2336 | D:3      | Slain by an orc wizard

Vault maps used:
D:1:      minmay_arrival_widening_spiral_wide
D:3:      minmay_goblin_kobold_castle, first_bread, serial_forest,
          infiniplex_forest_clump_diagonal, infiniplex_forest_lined_corner,
          infiniplex_forest_lined_4_way, infiniplex_forest_end_1,
          infiniplex_forest_clump_tiny, infiniplex_forest_corner_1,
          infiniplex_forest_join

Skill      XL: |  1  2  3  4 |
---------------+-------------+-----
Dodging        | 2 |  2.8
Fighting       | 3 |  3.0
Long Blades    | |  2.0
Armour         | |  1.0
Spellcasting   | |  2.7
Charms         | |  3.0

Action                   |  1- 3 |  4- 6 || total
-------------------------+-------+-------++-------
Melee: Falchion          |    57 |    39 ||    96
 Cast: Infusion          |    15 |     6 ||    21
       Shroud of Golubri |     9 |     5 ||    14
       Song of Slaying   |     1 |     1 ||     2
  Use: Scroll            |       |     5 ||     5
  Eat: Chunk             |     3 |     3 ||     6
Armor: Leather armour    |    15 |    11 ||    26
Dodge: Dodged            |    41 |    25 ||    66
       Rpst.: Falchion   |    12 |     9 ||    21
